 Dungeon Crawl Stone Soup version 0.28-a0-1347-g113dc556a4 (webtiles) character file.

Game seed: 6992849364264034093

674 Armakuni the Destroyer (level 7, -1/46 HPs)
             Began as a Human Conjurer on Dec 29, 2021.
             Was an Initiate of Vehumet.
             Slain by an orc warrior (16 damage)
             ... on level 5 of the Dungeon.
             The game lasted 00:13:52 (5637 turns).

Armakuni the Destroyer (Human Conjurer)             Turns: 5637, Time: 00:13:53

Health: -1/46      AC:  3    Str: 10    XL:     7   Next: 90%
Magic:  1/10       EV: 16    Int: 18    God:    Vehumet [......]
Gold:   240        SH:  0    Dex: 11    Spells: 4/10 levels left

rFire   + . .      SeeInvis .   a - staff of conjuration
rCold   . . .      Faith    .   (no shield)
rNeg    . . .      Spirit   .   e - +0 robe
rPois   .          Reflect  .   o - +0 helmet
rElec   .          Harm     .   (no cloak)
rCorr   .          Rampage  .   (no gloves)
Will    .....                   (no boots)
Stlth   ++........              (no amulet)
HPRegen 0.15/turn               F - ring of protection from fire
MPRegen 0.12/turn               E - +4 ring of evasion

@: invisible
A: no striking features
a: Renounce Religion


You were on level 5 of the Dungeon.
You worshipped Vehumet.
Vehumet was noncommittal.
You visited 2 branches of the dungeon, and saw 6 of its levels.

You collected 251 gold pieces.
You spent 11 gold pieces at shops.

Inventory:

Armour
 e - a +0 robe (worn)
 g - a +0 ring mail
 j - a +0 leather armour
 o - a +0 helmet (worn)
Magical Staves
 a - a staff of conjuration (weapon)
 b - a staff of poison
Jewellery
 E - a +4 ring of evasion (right hand)
 F - a ring of protection from fire (left hand)
 J - a ring of ice
Scrolls
 f - a scroll of fog
 k - a scroll of noise
 p - 2 scrolls of identify
Potions
 c - a potion of cancellation {unknown}
 d - a potion of invisibility
 h - 6 potions of curing
 i - a potion of flight {unknown}
 l - a potion of attraction {unknown}
 n - a potion of might {unknown}
 q - a potion of degeneration {unknown}


   Skills:
 - Level 2.0 Dodging
 - Level 2.0 Stealth
 - Level 2.0 Spellcasting
 + Level 8.7 Conjurations
 + Level 2.3 Translocations


You had 4 spell levels left.
You knew the following spells:

 Your Spells              Type           Power      Damage    Failure   Level
m - Iskenderun's Mystic   Conj/Tloc      32%        2d8       19%         4
z - Searing Ray           Conj           98%        2d8       1%          2

Your spell library contained the following spells:

 Spells                   Type           Power      Damage    Failure   Level
 Magic Dart               Conj           100%       1d8       1%          1
 Dazzling Flash           Conj/Hex       52%        N/A       9%          3
 Passwall                 Tmut/Erth      0%         N/A       26%         2
 Fulminant Prism          Conj/Hex       13%        3d9       30%         4
 Swiftness                Air            1%         N/A       47%         3


Dungeon Overview and Level Annotations

Branches:
Dungeon (5/15)             Temple (1/1) D:4

Altars:
Ashenzari
Cheibriados
Dithmenos
Fedhas
Gozag
Hepliaklqana
Kikubaaqudgha
Makhleb
Nemelex Xobeh
Okawaru
Qazlal
Ru
Sif Muna
Trog
Uskayaw
Vehumet
Wu Jian
Xom
Yredelemnul
Zin
The Shining One

Shops:
D:2 *


Message History

Aiming: Searing Ray (safe; 1% risk of failure)
Press: ? - help, Q - select action Shift-Dir - straight line, f/p - orc warrior
Aim: an orc warrior, wielding a +0 war axe and wearing a +0 chain mail (81% to hit)
You feel a surge of power!
The searing ray hits the orc warrior.
The orc warrior is lightly wounded. (Press . to maintain the ray.)
The orc warrior misses you.
The searing ray hits the orc warrior.
The orc warrior is moderately wounded.
The orc warrior barely misses you.
The searing ray hits the orc warrior.
The orc warrior is moderately wounded.
The orc warrior hits you with a +0 war axe!
The searing ray hits the orc warrior but does no damage.
The orc warrior is moderately wounded.
You finish channelling your searing ray.
The orc warrior barely misses you.
Okay, then.
Okay, then.
Unknown command.
Aiming: Searing Ray (safe; 1% risk of failure)
Press: ? - help, Q - select action Shift-Dir - straight line, f/p - orc warrior
Aim: an orc warrior, wielding a +0 war axe and wearing a +0 chain mail (moderately wounded, 81% to hit)
You feel a surge of power!
The searing ray hits the orc warrior!
The orc warrior is severely wounded. (Press . to maintain the ray.)
The orc warrior misses you.
The searing ray hits the orc warrior.
The orc warrior is severely wounded.
The orc warrior closely misses you.
The searing ray hits the orc warrior.
The orc warrior is almost dead.
The orc warrior hits you with a +0 war axe!!
* * * LOW HITPOINT WARNING * * *
Okay, then.
Okay, then.
Unknown command.
You feel better.
The orc warrior hits you with a +0 war axe!
You die...

#......#..).......(..#
......##.............#
##...)##..##.........#
#..)[.######.........#
#......'...#..##....##
#.(....#...#..##....##
##....##..##.........#
#)....######...o.....#
#...<.##...'....@...##
#.######...#.....<..##
#......#...#......<..#
#.....##..##..##....##
#.....##..##..#######
########...+...#
#....#...# ##..#....#
####...##


You could see an orc warrior.

Vanquished Creatures
  A black bear (D:4)
  An ogre (D:5)
  A scorpion (D:4)
  A centaur skeleton (D:5)
  2 orc priests (D:4)
  A bullfrog zombie (D:5)
  2 hounds (D:4)
  2 iguanas
  An orc wizard (D:5)
  Robin (D:2)
  4 gnolls (D:4)
  4 adders (D:4)
  An ufetubus (D:5)
  An adder skeleton (D:4)
  6 dart slugs
  An orc (D:5)
  8 ball pythons
  6 endoplasms
  4 giant cockroaches
  15 goblins
  8 hobgoblins
  6 quokkas
  10 bats
  4 frilled lizards
  4 kobolds
  6 rats
101 creatures vanquished.

Notes
Turn   | Place    | Note
-------+----------+-------------------------------------------
     0 | D:1      | Armakuni the Human Conjurer began the quest for the Orb.
     0 | D:1      | Reached XP level 1. HP: 13/13 MP: 3/3
   399 | D:1      | Reached XP level 2. HP: 19/19 MP: 0/5
   578 | D:1      | Learned a level 2 spell: Searing Ray
  1205 | D:1      | Found a faded altar of an unknown god.
  1264 | D:1      | Reached XP level 3. HP: 24/24 MP: 2/6
  1450 | D:2      | Reached skill level 5 in Conjurations
  2193 | D:2      | Reached XP level 4. HP: 30/30 MP: 2/7
  2402 | D:2      | Found Tenunt's General Store.
  2418 | D:2      | Bought a scroll of noise for 11 gold pieces
  2420 | D:2      | Identified a scroll of acquirement
  2420 | D:2      | Acquired a staff of conjuration
  2492 | D:2      | Noticed Robin
  2674 | D:2      | Killed Robin
  2865 | D:3      | Learned a level 4 spell: Iskenderun's Mystic Blast
  3449 | D:4      | Reached skill level 6 in Conjurations
  3449 | D:4      | Reached XP level 5. HP: 30/35 MP: 3/8
  3731 | D:4      | Found a staircase to the Ecumenical Temple.
  3741 | D:4      | Noticed a black bear
  3744 | Temple   | Entered the Ecumenical Temple
  3897 | Temple   | Became a worshipper of Vehumet
  3935 | D:4      | Killed a black bear
  3936 | D:4      | Reached skill level 7 in Conjurations
  3936 | D:4      | Reached XP level 6. HP: 41/41 MP: 0/9
  4643 | D:4      | Reached skill level 8 in Conjurations
  4643 | D:4      | Reached XP level 7. HP: 46/46 MP: 3/10
  5109 | D:5      | Entered Level 5 of the Dungeon
  5421 | D:5      | Reached skill level 1 in Translocations
  5637 | D:5      | Slain by an orc warrior

Illustrated notes

Levels and vault maps discovered:
D:1:      evilmike_arrival_rings, layout_basic,
          shapermc_ecumenical_altar_mp_ritualfount
D:2:      minmay_razor_zed, layout_basic, serial_shops, nicolae_shop_stone,
          minmay_misc_feat_cross, uniq_robin
D:3:      layout_rooms
D:4:      layout_loops_cross, minmay_temple_entry_drinking_statues, minmay_puff
D:5:      layout_gridville, uniq_grinder
Temple:   compressed_dpeg_circular_temple

Skill      XL: |  1  2  3  4  5  6  7 |
---------------+----------------------+-----
Conjurations   | 5 6 7 8 |  8.7
Translocations | 2 |  2.3
Dodging        | |  2.0
Stealth        | |  2.0
Spellcasting   | |  2.0

Action                   |  1- 3 |  4- 6 |  7- 9 || total
-------------------------+-------+-------+-------++-------
Melee: Unarmed           |     1 |       |       ||     1
       Staff             |       |    12 |       ||    12
 Cast: Magic Dart        |    15 |     1 |       ||    16
       Searing Ray       |    28 |    42 |    15 ||    85
  Use: Scroll            |       |     9 |     1 ||    10
       Potion            |       |     3 |     2 ||     5
Armor: Robe              |     1 |    10 |       ||    11
Dodge: Dodged            |     9 |    36 |    22 ||    67

Table legend: (Time is in decaauts)
 A = Elapsed time spent in this place.
 B = Non-inter-level travel time spent in this place.
 C = Inter-level travel time spent in this place.
 D = Time resting spent in this place.
 E = Time spent auto-exploring this place.
 F = Levels seen in this place.
 G = Mean time per level.
                   A        B        C        D        E       F      G
               +--------+--------+--------+--------+--------+-----+--------+
         Total |   5637 |   5437 |    200 |   1196 |   3255 |   6 |  939.5 |
       Dungeon |   5452 |   5303 |    149 |   1196 |   3141 |   5 | 1090.4 |
        Temple |    184 |    133 |     51 |      0 |    114 |   1 |  184.0 |
               +--------+--------+--------+--------+--------+-----+--------+

Top non-repeatable levels by time:
     D:4: 1551 daAuts
     D:2: 1396 daAuts
     D:1: 1376 daAuts
     D:3: 763 daAuts
     D:5: 366 daAuts
  Temple: 184 daAuts
